 Dungeon Crawl Stone Soup version 0.31-a0-692-gf03d1854d5 (webtiles) character file.

Game seed: 10649764531505653010

92 qw the Shooter (level 4, 0/28 HPs)
             Began as a Gargoyle Hunter on Sept 6, 2023.
             Slain by Grinder (5 damage)
             ... while paralysed by Grinder
             ... on level 3 of the Dungeon.
             The game lasted 00:00:38 (1507 turns).

qw the Shooter (Gargoyle Hunter)                    Turns: 1507, Time: 00:00:39

Health: 0/28       AC:  9    Str: 14    XL:     4   Next: 60%
Magic:  4/4        EV:  2    Int: 10    God:
Gold:   90         SH:  0    Dex: 15    Spells: 3/3 levels left

rFire   . . .        Y - +0 shortbow
rCold   . . .        (shield currently unavailable)
rNeg    + . .        h - +0 ring mail
rPois   inf          (no helmet)
rElec   +            (no cloak)
rCorr   .            (no gloves)
SInv    .            (no boots)
Will    .....        (no amulet)
Stlth   +            (no ring)
HPRegen 0.24/turn    (no ring)
MPRegen 0.09/turn

%: no passive effects
@: paralysed, about to teleport
A: sickness immunity, AC +3, negative energy resistance 1, electricity
resistance, torment resistance 1, petrification resistance
a: no special abilities


You were on level 3 of the Dungeon.
You visited 1 branch of the dungeon, and saw 3 of its levels.

You collected 90 gold pieces.


Innate Abilities, Weirdness & Mutations

You are immune to sickness and miasma.
Your stone body is resilient. (AC +3)
You are immune to poison.
You resist negative energy. (rN+)
You are resistant to electric shocks. (rElec)
You are resistant to unholy torment.
You are immune to petrification.


   Skills:
 - Level 3.0 Fighting
 + Level 5.2 Ranged Weapons
 - Level 1.8 Armour
 - Level 1.5 Dodging
 - Level 1.1 Stealth


You had 3 spell levels left.
You didn't know any spells.
Your spell library was empty.

Inventory:

Hand Weapons
 Y - a +0 shortbow (weapon)
Armour
 h - a +0 ring mail (worn)
Jewellery
 b - a +6 ring of dexterity
Scrolls
 i - a scroll of identify
 j - a scroll of amnesia {unknown}
Potions
 a - a potion of magic {unknown}
 c - a potion of enlightenment {unknown}
 e - a potion of degeneration {unknown}
 f - a potion of heal wounds
 g - a potion of mutation {unknown}

Dungeon Overview and Level Annotations

Branches:
Dungeon (3/15)

Altars:

Annotations:
D:3 Grinder


Message History

Grinder hits you. Grinder barely misses you.
You shoot an arrow. The arrow hits Grinder.
Grinder is heavily wounded.
Grinder barely misses you.
You shoot an arrow.
The arrow hits Grinder but does no damage.
Grinder is heavily wounded.
Grinder barely misses you.
You shoot an arrow. The arrow closely misses Grinder.
Grinder blinks!
You shoot an arrow.
The arrow hits Grinder but does no damage.
Grinder is heavily wounded.
Grinder gestures at you.
You barely resist. You shoot an arrow. The arrow barely misses Grinder.
You shoot an arrow. The arrow completely misses Grinder.
Grinder blinks!
You shoot an arrow. The arrow barely misses Grinder.
Grinder hits you.
You writhe in agony.
You shoot an arrow. The arrow hits Grinder.
Grinder is heavily wounded.
Grinder barely misses you. Grinder closely misses you.
You shoot an arrow. The arrow closely misses Grinder.
Grinder gestures at you. You resist with significant effort.
You shoot an arrow. The arrow closely misses Grinder.
Grinder misses you.
You shoot an arrow. The arrow hits Grinder.
Grinder is heavily wounded.
Grinder closely misses you. Grinder hits you.
1506 ||| READING scroll of teleportation.
As you read the scroll of teleportation, it crumbles to dust.
You feel strangely unstable. Grinder gestures at you.
You suddenly lose the ability to move!
Grinder says, "Tell me all your secrets, or I'll kill you."
Grinder hits you.
You die...
Grinder says, "Now the real fun starts!"

....... .......
...(... .......
....?.. .......
#####.......
#...@5....#
..######.###.#.###
### ...............#
... ######......#.#
...#######....#.###.#
.............##.# #
................#
........<.....###
.............##


You could see Grinder.

Vanquished Creatures
  Natasha (D:3)
  2 adders (D:2)
  A worm (D:2)
  4 endoplasms
  3 giant cockroaches
  6 goblins
  6 hobgoblins
  5 kobolds
  A quokka (D:1)
  4 ball pythons
  5 bats
  A frilled lizard (D:1)
  4 rats
43 creatures vanquished.

Notes
Turn   | Place    | Note
-------+----------+-------------------------------------------
     0 | D:1      | qw the Gargoyle Hunter began the quest for the Orb.
     0 | D:1      | Reached XP level 1. HP: 12/12 MP: 1/1
     0 | D:1      | 0 ||| qw: Version: 0.3-a-76-g4403597
     0 | D:1      | 0 ||| qw: Game counter: 165
     0 | D:1      | 0 ||| qw: Melee chars always use a shield: true
     0 | D:1      | 0 ||| qw: God list: Okawaru
     0 | D:1      | 0 ||| qw: Allow faded altars: false
     0 | D:1      | 0 ||| qw: Do Orc after clearing Dungeon:15 true
     0 | D:1      | 0 ||| qw: Do second Lair branch before Depths: true
     0 | D:1      | 0 ||| qw: Lair rune preference: random
     0 | D:1      | 0 ||| qw: Goals: Normal
     0 | D:1      | 0 ||| PLANNING D:1-11
   150 | D:1      | Reached XP level 2. HP: 17/17 MP: 2/2
   772 | D:1      | 772 ||| READING scroll labelled ZIYSSA FENI.
   773 | D:1      | 773 ||| READING scroll labelled RIPOBLE KYADD.
   776 | D:1      | 776 ||| DRINKING 2 bubbling grey potions.
   777 | D:1      | 777 ||| DROPPING scroll of butterflies.
   787 | D:2      | Reached XP level 3. HP: 21/21 MP: 3/3
   846 | D:2      | Reached skill level 5 in Ranged Weapons
  1000 | D:2      | Found a faded altar of an unknown god.
  1176 | D:2      | Reached skill level 3 in Fighting
  1178 | D:2      | Reached XP level 4. HP: 25/28 MP: 4/4
  1242 | D:2      | 1242 ||| UPGRADING to +0 ring mail.
  1252 | D:2      | 1252 ||| DROPPING +0 leather armour.
  1253 | D:2      | 1253 ||| READING 2 scrolls labelled BUAZXU TIWYIWK.
  1254 | D:2      | 1254 ||| READING scroll labelled ARGHEF MOKILI.
  1255 | D:2      | 1255 ||| DROPPING scroll of noise.
  1294 | D:3      | Noticed Natasha
  1295 | D:3      | 1295 ||| STAIRDANCE
  1379 | D:3      | 1379 ||| STAIRDANCE
  1413 | D:3      | Killed Natasha
  1414 | D:3      | Reached skill level 1 in Armour
  1414 | D:3      | 1414 ||| STAIRDANCE
  1485 | D:3      | Noticed Grinder
  1487 | D:3      | Paralysed by Grinder for 2 turns
  1505 | D:3      | HP: 4/28 [Grinder (5)]
  1506 | D:3      | 1506 ||| READING scroll of teleportation.
  1506 | D:3      | Paralysed by Grinder for 4 turns
  1507 | D:3      | Slain by Grinder

Levels and vault maps discovered:
D:1:      giann_forest_graveyard, layout_loops_ring
D:2:      cheibrodos_helix_gallery, layout_basic, basic_ecumenical_altar,
          grunt_ministairs_3
D:3:      layout_rooms, ebering_ghost_rock_garden, saegor_snake_ambush,
          uniq_grinder, uniq_natasha

Skill      XL: |  1  2  3  4 |
---------------+-------------+-----
Ranged Weapons | 5 |  5.2
Fighting       | 3 |  3.0
Armour         | 1 |  1.8
Dodging        | |  1.5
Stealth        | |  1.1

Action                     |  1- 3 |  4- 6 || total
---------------------------+-------+-------++-------
   Fire: Shortbow          |    98 |    46 ||   144
    Use: Scroll            |     2 |     3 ||     5
         Potion            |     1 |       ||     1
 Armour: Leather armour    |    28 |       ||    28
         Ring mail         |       |    25 ||    25
  Dodge: Dodged            |    22 |    16 ||    38

Table legend:
 A = Non-vault XP
 B = Vault XP
 C = Vault XP percentage of total XP
 D = Non-vault monster count
 E = Vault monster count
 F = Vault count percentage of total count
                 A         B        C        D         E       F
            +---------+---------+-------+---------+---------+-------
      Total |      78 |      54 |  40.9 |      38 |       5 |  11.6
            +---------+---------+-------+---------+---------+-------
        D:1 |      32 |       0 |   0.0 |      19 |       0 |   0.0
        D:2 |      41 |      19 |  31.7 |      16 |       4 |  20.0
        D:3 |       5 |      35 |  87.5 |       3 |       1 |  25.0
            +---------+---------+-------+---------+---------+-------
